 Dungeon Crawl Stone Soup version 0.21-a0-216-g6d3fd91 (webtiles) character file.

8992 Leszczynek the Grappler (level 11, -1/99 HPs)
             Began as a Troll Skald on Aug 23, 2017.
             Was a High Priest of Kikubaaqudgha.
             Splashed by a brown ugly thing's acid (6 damage)
             ... on level 11 of the Dungeon.
             The game lasted 00:24:53 (4165 turns).

Leszczynek the Grappler (Troll Skald)               Turns: 4165, Time: 00:24:54

Health: -1/99      AC: -1    Str: 21    XL:     11   Next: 17%
Magic:  11/11      EV: 12    Int:  9    God:    Kikubaaqudgha [*****.]
Gold:   243        SH:  0    Dex: 10    Spells: 6/12 levels left

rFire    . . .     SeeInvis .     - Unarmed
rCold    . . .     Gourm    +   (no shield)
rNeg     . . .     Faith    .   a - +0 robe
rPois    .         Spirit   .   (helmet restricted)
rElec    .         Reflect  .   (no cloak)
rCorr    .         Harm     .   (gloves unavailable)
MR       .....                  (boots unavailable)
Stlth    +.........             o - amulet of rage
HPRegen  0.66/turn              E - +1 ring of slaying
MPRegen  0.12/turn              (no ring)

@: corroded
A: unfitting armour, claws 3, molten scales 1, blurry vision 1, dopey 1, fast
metabolism 3, frail 1, gourmand, regeneration 1, shaggy fur 1, tough skin 2
a: Receive Corpses, Torment, Renounce Religion, Evoke Berserk Rage


You were on level 11 of the Dungeon.
You worshipped Kikubaaqudgha.
Kikubaaqudgha was extremely pleased with you.
You were very full.

You visited 1 branch of the dungeon, and saw 12 of its levels.
You also visited: Sewer.

You collected 496 gold pieces.
You spent 253 gold pieces at shops.

Inventory:

Hand Weapons
 K - a +0 blowgun
Missiles
 k - 39 bolts
 C - 4 large rocks (quivered)
 D - a throwing net
 G - 8 tomahawks
Armour
 a - a +0 robe (worn)
Jewellery
 o - an amulet of rage (around neck)
 w - an uncursed amulet of regeneration
 z - an uncursed ring of ice
 E - a +1 ring of slaying (left claw)
Wands
 x - a wand of acid (5/15)
Scrolls
 e - 3 scrolls of enchant weapon
 m - 2 scrolls of blinking
 q - a scroll of immolation {unknown}
 t - a scroll of amnesia
 u - 4 scrolls of recharging
 y - 3 scrolls of teleportation
 B - a scroll of holy word {unknown}
 F - a scroll of vulnerability {unknown}
 H - 2 scrolls of remove curse {@r2}
 I - 2 scrolls of identify {@r1}
 J - 2 scrolls of enchant armour
 N - a scroll of magic mapping {unknown}
Potions
 f - 5 potions of curing {@q1}
 i - 2 potions of heal wounds {@q2}
 n - a potion of brilliance {unknown}
 p - a potion of flight {unknown}
 s - a potion of haste {unknown}
 v - a potion of magic {unknown}
 A - 2 potions of lignification {!q}
 L - a potion of invisibility {unknown}
Books
 b - a book of Battle

   Spells                             Type                      Level
   a - Infusion                       Charms                       1
   b - Shroud of Golubria             Charms/Translocation         2
   c - Song of Slaying                Charms                       2
   d - Spectral Weapon                Hexes/Charms                 3
   e - Regeneration                   Charms/Necromancy            3
 h - a book of Geomancy

   Spells                             Type                      Level
   a - Sandblast                      Earth                        1
   b - Passwall                       Transmutation/Earth          2
   c - Stone Arrow                    Conjuration/Earth            3
   d - Petrify                        Transmutation/Earth          4
   e - Lee's Rapid Deconstruction     Earth                        5
 l - Kikubaaqudgha's Tome of Necromancy {god gift}
   (Kikubaaqudgha gifted it to you on level 3 of the Dungeon)

   Spells                             Type                      Level
   a - Pain                           Necromancy                   1
   b - Corpse Rot                     Necromancy                   2
   c - Sublimation of Blood           Necromancy                   2
   d - Regeneration                   Charms/Necromancy            3
   e - Control Undead                 Necromancy                   4
 r - Kikubaaqudgha's Almanac of Darkness {god gift}
   (Kikubaaqudgha gifted it to you on level 3 of the Dungeon)

   Spells                             Type                      Level
   a - Excruciating Wounds            Charms/Necromancy            5
   b - Bolt of Draining               Conjuration/Necromancy       5
   c - Cigotuvi's Embrace             Necromancy                   5
   d - Dispel Undead                  Necromancy                   5
   e - Simulacrum                     Ice/Necromancy               6
Comestibles
 c - 6 royal jellies
 d - 12 bread rations
 g - 4 meat rations
 j - 5 fruits
 M - 15 chunks of flesh


   Skills:
 + Level 8.2 Fighting
 - Level 5.5 Dodging
 * Level 13.0 Unarmed Combat
 - Level 1.2 Spellcasting
 - Level 2.0 Charms


You had 6 spell levels left.
You knew the following spells:

 Your Spells              Type           Power        Failure   Level  Hunger
b - Shroud of Golubria    Chrm/Tloc      #.........   36%         2    ###....
c - Passwall              Tmut/Erth      #.........   50%         2    ###....
B - Blink                 Tloc           N/A          50%         2    ###....


Dungeon Overview and Level Annotations

Branches:
Dungeon (12/15)               Orc (0/2) D:12
 Temple: D:4-7         Lair: D:8-11

Altars:
Elyvilon
Kikubaaqudgha
Wu Jian

Shops:
D:4 %   D:8 }   D:10 ?

Annotations:
D:11 Sonja
D:12 namelastname112's ghost, journeyman DrSu


Innate Abilities, Weirdness & Mutations

You are too large for most types of armour.
You have claws for hands.
Your metabolism is lightning-fast.
You like to eat raw meat.
Your natural rate of healing is unusually fast.
You are covered in fur. (AC +1)
You have very tough skin. (AC +2)
You are partially covered in molten scales. (AC +2)
Scrolls take you a little longer to read.
You are dopey. (Int -2)
You are frail. (-10% HP)


Message History

o - an amulet of rage (around neck)
The brown ugly thing stings you. The acid corrodes you!
You are splashed with acid!
The acid burns!
You fail to use your ability.
The brown ugly thing stings you!
You are splashed with acid!
The acid burns!
You fail to use your ability.
The brown ugly thing stings you.
You are splashed with acid!
The acid burns!
You fail to use your ability.
The brown ugly thing stings you.
* * * LOW HITPOINT WARNING * * *
The acid corrodes you!
You are splashed with acid!
The acid burns!
* * * LOW HITPOINT WARNING * * *
Unknown command.
Things that are here:
a ring mail; a long sword Really read with blurry vision while enemies are nearby?
The brown ugly thing stings you!
* * * LOW HITPOINT WARNING * * *
You are splashed with acid!
The acid burns!
You die...
Kikubaaqudgha rasps: "You have failed me!
Welcome... death!"

# ####### # #.....# #
################[###.#
.######......#.........# #.#
.[....'......'..[...>#####.#
..#####......#[#...[.<.....#
#......#.###.#.#.#####
#......#.#@u.#.#.#
......###+####.#'###.#.#
......# .# #........#.#
......# #.# #......###.#
......# #.# #......# ..#
......# #.# #......# ...
......###.# #......####.#
####......# #...........#
..........# #...[.#######


You could see a brown ugly thing.

Vanquished Creatures
  An ogre mage (D:12)
  Harold (D:11)
  2 two-headed ogres (D:12)
  A cyclops (D:12)
  A troll (D:10)
  2 hippogriffs
  A spriggan (D:7)
  A wraith (D:10)
  9 yaks
  A hungry ghost (D:7)
  Grum (D:11)
  A soldier ant (D:12)
  A black bear (D:11)
  4 orc warriors
  2 ice beasts (D:7)
  2 sky beasts
  An ogre (D:3)
  2 wolves (D:11)
  2 centaurs
  A crocodile (D:10)
  2 big kobolds
  4 bullfrogs
  A gnoll sergeant (D:9)
  2 scorpions
  A howler monkey (D:10)
  6 wights
  2 crimson imps (D:12)
  3 bullfrog zombies
  A quasit (D:10)
  2 hounds
  A jelly (D:5)
  7 orc priests
  8 orc wizards
  A centaur skeleton (D:12)
  A gnoll shaman (D:9)
  3 worker ants
  A killer bee zombie (D:8)
  A hound skeleton (D:9)
  11 gnolls
  10 adders
  2 river rats (D:3)
  14 oozes
  An adder skeleton (D:8)
  5 worms
  8 leopard geckos
  24 orcs
  9 ball pythons (Sewer)
  13 giant cockroaches
  4 goblins
  5 hobgoblins
  2 quokkas
  2 bats
  13 frilled lizards
  11 kobolds
  A rat (D:3)
219 creatures vanquished.

Notes
Turn   | Place    | Note
-------+----------+-------------------------------------------
     0 | D:1      | Leszczynek the Troll Skald began the quest for the Orb.
     0 | D:1      | Reached XP level 1. HP: 19/19 MP: 1/1
    49 | D:2      | Found an ancient bone altar of Kikubaaqudgha.
    59 | D:2      | Became a worshipper of Kikubaaqudgha
    60 | D:2      | better torment protection
    60 | D:2      | totally worth
   101 | D:2      | Reached XP level 2. HP: 27/27 MP: 2/2
   133 | D:2      | Reached skill level 3 in Unarmed Combat
   180 | D:2      | Reached XP level 3. HP: 21/33 MP: 3/3
   189 | D:2      | Learned a level 2 spell: Shroud of Golubria
   238 | D:2      | Reached skill level 4 in Unarmed Combat
   258 | D:2      | Reached XP level 4. HP: 32/41 MP: 1/4
   399 | D:3      | Reached * piety under Kikubaaqudgha
   399 | D:3      | Identified Kikubaaqudgha's Tome of Necromancy {god gift} (Kikubaaqudgha gifted it to you on level 3 of the Dungeon)
   399 | D:3      | Received a gift from Kikubaaqudgha
   444 | D:3      | Reached skill level 5 in Unarmed Combat
   451 | D:3      | Found a glowing drain.
   456 | Sewer    | Entered a sewer
   499 | Sewer    | Reached XP level 5. HP: 48/48 MP: 5/5
   594 | Sewer    | Reached ** piety under Kikubaaqudgha
   641 | Sewer    | Reached skill level 6 in Unarmed Combat
   701 | Sewer    | inb4 i'll die to frogs
   737 | Sewer    | Reached XP level 6. HP: 54/55 MP: 6/6
   786 | Sewer    | Reached skill level 7 in Unarmed Combat
   818 | Sewer    | all this for one scroll
   820 | Sewer    | literally
   825 | D:3      | nothing else
   868 | D:3      | unless you count 2 heaps of gold and a royal jelly
   986 | D:3      | Found an ornate altar of the Wu Jian Council.
  1100 | D:3      | Reached *** piety under Kikubaaqudgha
  1100 | D:3      | Identified Kikubaaqudgha's Almanac of Darkness {god gift} (Kikubaaqudgha gifted it to you on level 3 of the Dungeon)
  1100 | D:3      | Received a gift from Kikubaaqudgha
  1149 | D:4      | Found Ciedocw's Food Shoppe.
  1193 | D:4      | Found a white marble altar of Elyvilon.
  1206 | D:5      | Entered Level 5 of the Dungeon
  1210 | D:5      | Reached XP level 7. HP: 51/62 MP: 7/7
  1262 | D:5      | Reached skill level 8 in Unarmed Combat
  1310 | D:6      | Reached skill level 2 in Fighting
  1310 | D:6      | Reached skill level 2 in Dodging
  1372 | D:6      | Learned a level 2 spell: Passwall
  1414 | D:7      | Reached skill level 3 in Fighting
  1481 | D:7      | Noticed a spriggan baker
  1493 | D:7      | Killed a spriggan baker
  1493 | D:7      | Reached skill level 3 in Dodging
  1516 | D:7      | Noticed a hungry ghost
  1534 | D:7      | Killed a hungry ghost
  1534 | D:7      | Reached skill level 4 in Fighting
  1534 | D:7      | Reached XP level 8. HP: 75/78 MP: 8/8
  1900 | D:7      | Reached skill level 9 in Unarmed Combat
  1912 | D:7      | Gained mutation: You are frail. (-10% HP) [mutagenic meat]
  1913 | D:7      | Gained mutation: Scrolls take you a little longer to read. [mutagenic meat]
  1914 | D:7      | Gained mutation: You are dopey. (Int -2) [mutagenic meat]
  1915 | D:7      | Gained mutation: You are partially covered in molten scales. (AC +2) [mutagenic meat]
  1916 | D:7      | best mutations
  1985 | D:8      | Reached skill level 4 in Dodging
  2042 | D:8      | Found Zoplav's Gadget Boutique.
  2134 | D:8      | wut
  2210 | D:9      | Reached **** piety under Kikubaaqudgha
  2308 | D:9      | Learned a level 2 spell: Blink
  2475 | D:10     | Entered Level 10 of the Dungeon
  2549 | D:10     | Reached XP level 9. HP: 72/78 MP: 9/9
  2566 | D:10     | Reached skill level 5 in Fighting
  2607 | D:10     | Found Zoynet's Magic Scroll Shop.
  2625 | D:10     | Bought a scroll of identify for 26 gold pieces
  2625 | D:10     | Bought a scroll of remove curse for 39 gold pieces
  2625 | D:10     | Bought a scroll of identify for 26 gold pieces
  2625 | D:10     | Bought a scroll of teleportation for 39 gold pieces
  2625 | D:10     | Bought a scroll of enchant armour for 97 gold pieces
  2625 | D:10     | Bought a scroll of identify for 26 gold pieces
  2633 | D:10     | btw, that one scroll in sewer was blinking
  2972 | D:11     | Noticed Sonja
  2972 | D:11     | Noticed a red ugly thing
  2987 | D:10     | Reached skill level 10 in Unarmed Combat
  3012 | D:10     | Noticed a troll
  3069 | D:10     | Killed a troll
  3069 | D:10     | Reached skill level 5 in Dodging
  3186 | D:11     | Noticed Grum
  3188 | D:11     | Reached skill level 6 in Fighting
  3207 | D:11     | Killed Grum
  3325 | D:11     | Reached XP level 10. HP: 86/90 MP: 10/10
  3337 | D:11     | Reached skill level 7 in Fighting
  3355 | D:11     | Noticed Harold
  3403 | D:11     | HP: 9/91 [Harold/bolt of fire (37)]
  3404 | D:11     | Killed Harold
  3404 | D:11     | Reached skill level 11 in Unarmed Combat
  3570 | D:12     | Noticed a cyclops
  3573 | D:12     | Found a staircase to the Orcish Mines.
  3574 | D:12     | Noticed a two-headed ogre
  3576 | D:12     | Noticed a brown ugly thing
  3576 | D:12     | Noticed namelastname112's ghost (journeyman DrSu)
  3576 | D:12     | Killed a cyclops
  3790 | D:12     | Reached ***** piety under Kikubaaqudgha
  3879 | D:12     | Reached skill level 12 in Unarmed Combat
  3931 | D:12     | Noticed a two-headed ogre
  3939 | D:12     | Killed a two-headed ogre
  3968 | D:12     | Noticed a two-headed ogre
  3988 | D:12     | Killed a two-headed ogre
  3988 | D:12     | Reached XP level 11. HP: 99/99 MP: 11/11
  4022 | D:12     | Reached skill level 8 in Fighting
  4101 | D:12     | Noticed an ogre mage
  4102 | D:12     | oh boy
  4113 | D:12     | Killed an ogre mage
  4113 | D:12     | Reached skill level 13 in Unarmed Combat
  4135 | D:12     | Noticed a brown ugly thing
  4160 | D:11     | HP: 14/99 [acid (9)]
  4165 | D:11     | HP: 5/99 [brown ugly thing (12)]
  4165 | D:11     | Splashed by a brown ugly thing's acid

Vault maps used:
D:1:      lemuel_arrival_river_bridge
D:2:      kiku_gazebo_pond_becter, guppyfry_early_orc_mine
D:3:      nicolae_overflow_hidden_temple, first_bread, gup_sewer_entry_spiral
D:4:      fiery_altar_vehumet, lemuel_crystal_altar, grunt_dithmenos_smoke,
          serial_shops, nicolae_shop_temple_entry_statues_fountains,
          minmay_bisected
D:5:      nicolae_qazlal_eye_of_the_storm
D:6:      nicolae_tso_carved_into_rock, minmay_temple_entry_overgrown,
          serial_shops, nicolae_shop_trees
D:7:      lemuel_coloured_pillars_altar, the_bakery
D:8:      serial_shops, shop, nicolae_zen_rock_garden, uniq_prince_ribbit1
D:9:      grunt_temple_overflow_open, uniq_pikel
D:10:     serial_shops, shop_coins
D:11:     erik_lair_orcish_takeover, uniq_sonja, uniq_grum, uniq_harold
D:12:     minmay_blocky_corners, orc_0_dummy
Sewer:    sewer_frog_island_02

Skill      XL: |  1  2  3  4  5  6  7  8  9 10 11 |
---------------+----------------------------------+-----
Unarmed Combat | 3 4 5 6 7 8 9 10 12 13 | 13.0
Fighting       | 4 6 7 8 |  8.2
Dodging        | 3 4 5 |  5.5
Spellcasting   | |  1.2
Charms         | |  2.0

Action                   |  1- 3 |  4- 6 |  7- 9 | 10-12 || total
-------------------------+-------+-------+-------+-------++-------
Melee: Unarmed           |    58 |   202 |   291 |   137 ||   688
       Punch             |       |     5 |    10 |     6 ||    21
Throw: Large rock        |       |       |       |     1 ||     1
       Throwing net      |       |       |       |     1 ||     1
 Cast: Shroud of Golubri |     1 |     2 |       |     1 ||     4
 Abil: Evoke Berserk Rag |       |       |     1 |     2 ||     3
Evoke: Wand              |       |       |       |     1 ||     1
  Use: Scroll            |       |     3 |     8 |       ||    11
 Stab: Held in net/web   |       |       |       |     2 ||     2
  Eat: Chunk             |     2 |    15 |    31 |    11 ||    59
Armor: Robe              |    21 |    62 |    75 |    18 ||   176
Dodge: Dodged            |    26 |    77 |   143 |    62 ||   308

Table legend:
 A = Spawn XP
 B = Non-spawn XP
 C = Spawn XP percentage of total XP
 D = Spawn monster count
 E = Non-spawn monster count
 F = Spawn count percentage of total count
 G = Total turns spent on level
                    A         B        C        D         E        F      G
               +---------+---------+-------+---------+---------+-------+---------
         Total |     521 |   12326 |   4.1 |       5 |     214 |   2.3 |  4165
               +---------+---------+-------+---------+---------+-------+---------
           D:2 |       0 |      97 |   0.0 |       0 |      17 |   0.0 |   318
           D:3 |       0 |     223 |   0.0 |       0 |      26 |   0.0 |   445
           D:5 |       0 |     125 |   0.0 |       0 |       5 |   0.0 |    83
           D:6 |       0 |     198 |   0.0 |       0 |       2 |   0.0 |    95
           D:7 |     183 |     625 |  22.6 |       1 |      11 |   8.3 |   335
           D:8 |      74 |     518 |  12.5 |       2 |       8 |  20.0 |   487
           D:9 |       0 |     321 |   0.0 |       0 |      14 |   0.0 |   309
          D:10 |       0 |     993 |   0.0 |       0 |      15 |   0.0 |   411
          D:11 |       0 |    3530 |   0.0 |       0 |      27 |   0.0 |   706
          D:12 |     264 |    5292 |   4.8 |       2 |      31 |   6.1 |   533
         Sewer |       0 |     404 |   0.0 |       0 |      58 |   0.0 |   365
               +---------+---------+-------+---------+---------+-------+---------
